 Dungeon Crawl Stone Soup version 0.30-a0-457-g4b7bca3bfa (webtiles) character file.

Game seed: 15782400045069378496

5735 pokeman the Thaumaturge (level 10, -6/56 HPs)
             Began as a Deep Elf Hedge Wizard on Dec 13, 2022.
             Was an Elder of Vehumet.
             Shot with an arrow by a centaur warrior (17 damage)
             ... on level 9 of the Dungeon.
             The game lasted 00:28:55 (9799 turns).

pokeman the Thaumaturge (Deep Elf Hedge Wizard)     Turns: 9799, Time: 00:28:56

Health: -6/56      AC:  7    Str:  7    XL:     10   Next: 48%
Magic:  20/29      EV: 12    Int: 24    God:    Vehumet [****..]
Gold:   261        SH:  0    Dex: 17    Spells: 14/36 levels left

rFire   . . .      SeeInvis .    F - +1 trident (venom)
rCold   . . .      Faith    .    (no shield)
rNeg    . . .      Spirit   .    t - +2 leather armour of Dowdy Brilliance {Dex+3}
rPois   .          Reflect  .    A - +1 hat of Mumblety Peg {Regen+ Stlth+}
rElec   .          Harm     .    (no cloak)
rCorr   +          Rampage  .    r - +0 pair of gloves
Will    +....                    (no boots)
Stlth   +++.......               i - amulet of regeneration
HPRegen 1.89/turn                b - ring of resist corrosion
MPRegen 0.21/turn                (no ring)

@: no status effects
A: no striking features
a: Renounce Religion


You were on level 9 of the Dungeon.
You worshipped Vehumet.
Vehumet was greatly pleased with you.
You visited 2 branches of the dungeon, and saw 10 of its levels.
You also visited: Sewer and Bailey.

You collected 590 gold pieces.
You spent 329 gold pieces at shops.

Inventory:

Hand Weapons
 F - a +1 trident of venom (weapon)
 J - the +2 quarterstaff "Enlutiev" {vamp, rF+++ Int-2 Dex+8 Stlth-}
   (You found it on level 8 of the Dungeon)

   It occasionally heals its wielder for a portion of the damage dealt when it
   wounds a living foe.
   Int:       It affects your intelligence (-2).
   Dex:       It affects your dexterity (+8).
   rF:        It renders you almost immune to fire.
   Stlth:     It makes you less stealthy.
Missiles
 n - a throwing net
 u - 2 curare-tipped darts
Armour
 r - a +0 pair of gloves (worn)
 t - the +2 leather armour of Dowdy Brilliance (worn) {Dex+3}
   (You took it off an orc on level 4 of the Dungeon)

   Dex:       It affects your dexterity (+3).
 v - a +0 buckler
 x - +0 steam dragon scales
 A - the +1 hat of Mumblety Peg (worn) {Regen+ Stlth+}
   (You found it on level 6 of the Dungeon)

   Regen:     It increases your rate of health regeneration.
   Stlth:     It makes you more stealthy.
 D - a +1 robe of fire resistance
 O - +0 acid dragon scales
Magical Staves
 P - a staff of death
Jewellery
 b - a ring of resist corrosion (left hand)
 i - an amulet of regeneration (around neck)
Wands
 m - a wand of light (12)
 y - a wand of iceblast (16)
 z - a wand of flame (19)
 B - a wand of polymorph (4)
 K - a wand of paralysis (6)
Scrolls
 f - 5 scrolls of magic mapping
 g - 3 scrolls of fog {unknown}
 h - 3 scrolls of teleportation
 k - 3 scrolls of fear {unknown}
 l - 6 scrolls of poison {unknown}
 C - 2 scrolls of enchant weapon {unknown}
 G - a scroll of silence {unknown}
 M - a scroll of vulnerability {unknown}
 N - a scroll of enchant armour {unknown}
 Q - a scroll of blinking
Potions
 a - 2 potions of heal wounds
 c - 7 potions of might
 d - 3 potions of magic
 e - a potion of lignification
 j - 4 potions of invisibility
 o - 3 potions of attraction
 p - 4 potions of berserk rage
 q - 8 potions of curing
 s - 4 potions of cancellation
 w - 4 potions of brilliance
 E - a potion of resistance
 H - 3 potions of haste
 I - 3 potions of mutation
 L - a potion of flight {unknown}


   Skills:
 - Level 4.0 Fighting
 + Level 3.4 Armour
 - Level 3.0 Dodging
 - Level 3.1 Stealth
 - Level 4.0 Shields
 * Level 13.5 Spellcasting
 + Level 8.6 Conjurations
 - Level 1.1 Summonings
 + Level 0.6 Necromancy
 - Level 1.1 Translocations
 + Level 2.0 Fire Magic
 - Level 1.0 Ice Magic
 - Level 1.0 Air Magic
 - Level 1.0 Earth Magic
 - Level 1.3 Poison Magic
 - Level 1.3 Evocations


You had 14 spell levels left.
You knew the following spells:

 Your Spells              Type           Power      Damage    Failure   Level
a - Magic Dart            Conj           100%       1d8       1%          1
b - Mephitic Cloud        Conj/Pois/Air  33%        N/A       1%          3
c - Call Imp              Summ           21%        N/A       5%          2
d - Blink                 Tloc           42%        N/A       5%          2
e - Stone Arrow           Conj/Erth      78%        3d11      1%          3
f - Ignition              Fire           13%        3d6       100%        8
g - Hailstorm             Conj/Ice       39%        3d9       1%          3

Your spell library contained the following spells:

 Spells                   Type           Power      Damage    Failure   Level
 Sandblast                Erth           42%        2d11      1%          1
 Poisonous Vapours        Pois/Air       42%        N/A       1%          2
 Sticky Flame             Conj/Fire      41%        2d6       1%          4
 Ignite Poison            Fire/Tmut/Pois 21%        N/A       2%          3
 Slow                     Hex            64%        N/A       5%          1
 Cigotuvi's Dreadful Rot  Necr/Pois/Air  42%        N/A       5%          2
 Arcjolt                  Conj/Air       19%        1d29      5%          5
 Passwall                 Tmut/Erth      15%        N/A       6%          2
 Gell's Gravitas          Tloc           21%        N/A       11%         3
 Lesser Beckoning         Tloc           42%        N/A       11%         3
 Ozocubu's Armour         Ice            21%        N/A       11%         3
 Teleport Other           Tloc           21%        N/A       11%         3
 Vhi's Electric Charge    Tloc/Air       42%        N/A       11%         3
 Animate Dead             Necr           19%        N/A       38%         4
 Borgnjor's Vile Clutch   Necr/Erth      10%        N/A       71%         5
 Metabolic Englaciation   Hex/Ice        9%         N/A       77%         5
 Death Channel            Necr           9%         N/A       99%         6
 Simulacrum               Ice/Necr       10%        N/A       99%         6
 Maxwell's Capacitive Co  Air            10%        ∞         100%        8


Dungeon Overview and Level Annotations

Branches:
Dungeon (9/15)             Temple (1/1) D:4            Lair (0/5) D:9
  Sewer (visited)          Bailey (visited)
    Orc: D:9-12

Altars:
Dithmenos
Elyvilon
Fedhas
Gozag
Hepliaklqana
Kikubaaqudgha
Makhleb
Nemelex Xobeh
Okawaru
Qazlal
Ru
Sif Muna
Trog
Uskayaw
Vehumet
Xom
Yredelemnul
The Shining One

Shops:
D:5 :   D:6 (   D:9 ??

Annotations:
D:9 2 runed translucent doors


Message History

The puff of frost misses the centaur warrior.
The centaur warrior closely misses you.
The centaur warrior kicks you but does no damage.
The centaur warrior seems less confused.
The centaur warrior wields a +0 shortbow.
The centaur warrior shoots an arrow.
The arrow hits you!!
Your white imp gestures at the centaur warrior.
The puff of frost hits the centaur warrior!
Casting: Call Imp (safe; 5% risk of failure)
Confirm with . or Enter, or press ? or * to list all spells.
Aiming: Mephitic Cloud (safe; 1% risk of failure)
Press: ? - help, Shift-Dir - straight line, f/p - centaur warrior
Aim: a centaur warrior, wielding a +0 shortbow (severely wounded, not watching you, extremely poisoned, ally target, chance to affect: 53%)
The ball explodes into a vile cloud!
The stinking cloud engulfs the centaur warrior but does no damage.
The centaur warrior is severely wounded.
The stinking cloud engulfs your white imp but does no damage.
The stinking cloud engulfs the boulder beetle but does no damage.
The boulder beetle is lightly wounded.
You hear a bellow!
The centaur warrior is engulfed in noxious fumes.
The centaur warrior shoots an arrow.
The arrow hits you!!
* * * LOW HITPOINT WARNING * * *
The boulder beetle is engulfed in noxious fumes.
The boulder beetle closely misses something.
The boulder beetle bites itself.
Your white imp closely misses the centaur warrior.
The centaur warrior is engulfed in noxious fumes.
The centaur warrior shoots an arrow.
The arrow completely misses you.
Unknown command.
Unknown command.
Reach: F) +1 trident (venom)
Press: ? - help, Dir - move target, f/p - centaur warrior
Aim: a centaur warrior, wielding a +0 shortbow (noxious fumes, severely wounded, extremely poisoned, ally target, about 31% to evade your +1 trident of venom)
You reach to attack!
You hit the centaur warrior.
The centaur warrior looks as sick as possible!
The centaur warrior is severely wounded.
The centaur warrior is engulfed in noxious fumes.
The centaur warrior shoots an arrow.
The arrow hits you!
You die...

..#...### #...... ...†### ##
#...... .†###.# R #...... .....#
[# #.###.# #.#### # ###y #..##.#
....### #. #5B ####.##...
..#...### .. #c# ###..#......
..##....####.###○# ###..#.#.....)
#..)......###..#@###...#..#......
..##.<......##..##..#...#.#......
..)))........###...#...#..#....))
...........#..####..#...#.#......
).#........##....###...#..#......
..##...............###..#.#......
...#..##.............###..#...###
.......................###...## #
........####..................##


You could see a boulder beetle (confused), a centaur warrior (extremely
poisoned, ally target) and a friendly white imp (summoned).

Vanquished Creatures
  An orc knight (Bailey)
  Pikel (D:8)
  A komodo dragon (D:9)
  A troll (D:9)
  Sigmund (D:3)
  A steam dragon (D:6)
  An acid dragon (D:9)
  Duvessa (D:5)
  4 orc warriors
  3 ice beasts
  2 ogres (D:5)
  A centaur (D:8)
  2 lemures (D:8)
  3 kobold brigands
  9 bullfrogs
  A necrophage (D:5)
  A gnoll sergeant (D:9)
  2 scorpions
  Dowan (D:5)
  7 killer bees
  2 howler monkeys
  A crimson imp (D:8)
  7 orc priests
  A gnoll bouda (D:7)
  6 hounds
  3 jellies
  6 iguanas
  9 orc wizards
  17 gnolls
  10 adders
  4 river rats (Sewer)
  A shadow imp (D:7)
  A white imp (D:6)
  2 ufetubi
  2 worms
  A dart slug (D:5)
  51 orcs
  10 ball pythons
  6 endoplasms
  5 giant cockroaches
  12 goblins
  3 hobgoblins
  3 jackals (D:3)
  5 quokkas
  A bat (D:3)
  12 frilled lizards
  14 kobolds
  6 rats
245 creatures vanquished.

Vanquished Creatures (collateral kills)
  A scorpion (D:4)
  3 killer bees (D:9)
  A river rat (Sewer)
  An endoplasm (D:4)
  2 rats (Sewer)
8 creatures vanquished.

Vanquished Creatures (others)
  An adder (D:6)
  3 plants (D:9)
4 creatures vanquished.

Grand Total: 257 creatures vanquished

Notes
Turn   | Place    | Note
-------+----------+-------------------------------------------
     0 | D:1      | pokeman the Deep Elf Hedge Wizard began the quest for the
                  | Orb.
     0 | D:1      | Reached XP level 1. HP: 10/10 MP: 7/7
   353 | D:1      | Reached XP level 2. HP: 6/16 MP: 1/9
   426 | D:1      | Found an ancient bone altar of Kikubaaqudgha.
  1140 | D:2      | Reached skill level 5 in Spellcasting
  1455 | D:2      | Reached XP level 3. HP: 18/20 MP: 5/11
  1459 | D:2      | Learned a level 3 spell: Mephitic Cloud
  1462 | D:2      | Learned a level 2 spell: Call Imp
  1465 | D:2      | Learned a level 2 spell: Blink
  1469 | D:2      | Learned a level 3 spell: Stone Arrow
  1654 | D:2      | Found a hide-covered altar of Uskayaw.
  1785 | D:3      | Reached skill level 1 in Fighting
  1785 | D:3      | Reached skill level 1 in Armour
  1929 | D:3      | Reached XP level 4. HP: 12/25 MP: 7/13
  2432 | D:3      | You fall into a shaft and drop 1 floor!
  2451 | D:4      | Reached skill level 6 in Spellcasting
  2451 | D:4      | Reached XP level 5. HP: 11/29 MP: 8/15
  2492 | D:4      | Found a staircase to the Ecumenical Temple.
  2502 | Temple   | Entered the Ecumenical Temple
  2506 | Temple   | Became a worshipper of Vehumet
  2518 | D:4      | Noticed an ice beast
  2548 | D:4      | Reached skill level 1 in Air Magic
  2548 | D:4      | Reached skill level 1 in Earth Magic
  2741 | D:4      | Found a glowing drain.
  2745 | Sewer    | Entered a sewer
  2768 | Sewer    | Reached XP level 6. HP: 24/34 MP: 10/17
  3130 | Sewer    | Reached * piety under Vehumet
  3130 | Sewer    | Offered knowledge of Shock by Vehumet.
  3545 | D:3      | Noticed Sigmund
  3561 | D:3      | Killed Sigmund
  4155 | D:4      | Identified the +2 leather armour of Dowdy Brilliance
                  | {Dex+3}
  4171 | D:4      | Reached skill level 7 in Spellcasting
  4296 | D:4      | HP: 1/34 [ice beast (6)]
  4298 | D:4      | Killed an ice beast
  4299 | D:4      | Reached skill level 5 in Conjurations
  4299 | D:4      | Reached skill level 1 in Poison Magic
  4299 | D:4      | Reached skill level 1 in Evocations
  4299 | D:4      | Reached XP level 7. HP: 2/38 MP: 10/19
  4642 | D:5      | Entered Level 5 of the Dungeon
  5018 | D:5      | Reached skill level 8 in Spellcasting
  5041 | D:5      | Reached XP level 8. HP: 44/44 MP: 5/22
  5078 | D:5      | Reached skill level 9 in Spellcasting
  5203 | D:5      | Found Ymireg's Book Emporium.
  5459 | D:5      | Noticed Duvessa
  5459 | D:5      | Noticed Dowan
  5479 | D:5      | Killed Duvessa
  5485 | D:5      | Killed Dowan
  5646 | D:5      | Offered knowledge of Momentum Strike by Vehumet.
  5647 | D:5      | Reached skill level 1 in Shields
  5649 | D:5      | Reached ** piety under Vehumet
  5760 | D:6      | Reached skill level 10 in Spellcasting
  5788 | D:6      | Reached XP level 9. HP: 21/51 MP: 2/25
  6134 | D:6      | Reached skill level 11 in Spellcasting
  6355 | D:6      | Found Seyleq's Antique Weapon Boutique.
  6374 | D:6      | Identified the +1 hat of Mumblety Peg {Regen+ Stlth+}
  6404 | D:6      | Found a stormy altar of Qazlal.
  6873 | D:7      | Offered knowledge of Ignite Poison by Vehumet.
  6960 | D:7      | Found a glowing golden altar of the Shining One.
  7346 | D:7      | Found a blossoming altar of Fedhas.
  7431 | D:7      | Reached *** piety under Vehumet
  7743 | D:8      | Reached skill level 12 in Spellcasting
  7907 | D:8      | Noticed Pikel
  7924 | D:8      | Killed Pikel
  7925 | D:8      | Reached XP level 10. HP: 35/56 MP: 25/28
  7942 | D:8      | Found a flagged portal.
  7943 | D:8      | Offered knowledge of Sticky Flame by Vehumet.
  7970 | Bailey   | Entered a bailey
  8128 | Bailey   | Noticed an orc knight
  8149 | Bailey   | Killed an orc knight
  8394 | D:8      | Found a sacrificial altar of Ru.
  8396 | D:8      | Reached **** piety under Vehumet
  8480 | D:8      | Identified the +2 quarterstaff "Enlutiev" {vamp, rF+++
                  | Int-2 Dex+8 Stlth-}
  8580 | D:8      | Learned a level 8 spell: Ignition
  8725 | D:8      | Found a basalt altar of Yredelemnul.
  8735 | D:8      | Found a burning altar of Makhleb.
  8746 | D:8      | Found a shimmering altar of Xom.
  8941 | D:8      | Found a bloodstained altar of Trog.
  9190 | D:9      | Reached skill level 13 in Spellcasting
  9196 | D:9      | Offered knowledge of Hailstorm by Vehumet.
  9202 | D:9      | Learned a level 3 spell: Hailstorm
  9305 | D:9      | Found a staircase to the Lair.
  9321 | D:9      | Reached skill level 1 in Fire Magic
  9420 | D:9      | Reached skill level 1 in Ice Magic
  9491 | D:9      | Found Odabuleos's Magic Scroll Shoppe.
  9501 | D:9      | Bought a scroll of identify for 30 gold pieces
  9501 | D:9      | Bought a scroll of magic mapping for 112 gold pieces
  9501 | D:9      | Bought a scroll of identify for 30 gold pieces
  9501 | D:9      | Bought a scroll of teleportation for 45 gold pieces
  9501 | D:9      | Bought a scroll of blinking for 112 gold pieces
  9513 | D:9      | Found Buhup's Magic Scroll Emporium.
  9736 | D:9      | Found a large runed translucent door.
  9736 | D:9      | Found a large runed translucent door.
  9788 | D:9      | Noticed a centaur warrior
  9789 | D:9      | Noticed a boulder beetle
  9799 | D:9      | Shot with an arrow by a centaur warrior

Illustrated notes

Levels and vault maps discovered:
D:1:      dpeg_arrival_erosion, layout_basic, minmay_hexomino_r4
D:2:      layout_rooms, basic_altar
D:3:      layout_loops_cross, uniq_sigmund
D:4:      layout_loops_ring, minmay_temple_entry_large_hall,
          gup_sewer_entry_spiral, ebering_dispersal_statue_hall,
          minmay_a_box_with_orc_wizards_in_it
D:5:      layout_rooms, serial_shops, nicolae_shop_advertising_works
          [nicolae_subvault_shop_adworks], dreamdust_mushroom_princess,
          uniq_duvessa
D:6:      layout_cave_pools, nicolae_qazlal_scattered_showers, serial_shops,
          shop
D:7:      layout_basic, amcnicky_altar_gilded, fedhas_altar_3, st_stairs_10
D:8:      layout_loops_ring, grunt_temple_overflow_champion_of_chaos,
          lemuel_round_altar, nicolae_ru_great_annihilating_truth, trog_book,
          enter_bailey_5, uniq_pikel
D:9:      minmay_the_grid_triangle_9x9_recursive_2
          [minmay_the_grid_triangle_9x9_prize_center,
          minmay_the_grid_triangle_9x9_zippers_horizontal,
          minmay_the_grid_triangle_9x9_intruding_spiral,
          minmay_the_grid_triangle_9x9_corruption], layout_cave_pools,
          jmf_multi_god_temple2, david_lair_shrubbed, serial_shops,
          shop_fountains, shop
Temple:   nicolae_temple_x_marks_the_god

Skill      XL: |  1  2  3  4  5  6  7  8  9 10 |
---------------+-------------------------------+-----
Spellcasting   | 5 6 7 8 10 12 13 | 13.5
Fighting       | 1 2 3 4 |  4.0
Armour         | 1 2 3 |  3.4
Conjurations   | 2 3 5 6 8 |  8.6
Dodging        | 3 |  3.0
Stealth        | 3 |  3.1
Air Magic      | 1 |  1.0
Earth Magic    | 1 |  1.0
Poison Magic   | 1 |  1.3
Evocations     | 1 |  1.3
Shields        | 2 3 4 |  4.0
Fire Magic     | 2 |  2.0
Ice Magic      | 1 |  1.0
Summonings     | |  1.1
Necromancy     | |  0.6
Translocations | |  1.1

Action                   |  1- 3 |  4- 6 |  7- 9 | 10-12 || total
-------------------------+-------+-------+-------+-------++-------
Melee: Dagger            |     5 |       |       |       ||     5
       Spear             |     8 |    78 |   176 |       ||   262
       Punch             |       |     1 |     1 |     1 ||     3
       Trident           |       |       |    44 |    87 ||   131
 Cast: Magic Dart        |    73 |   101 |    67 |    16 ||   257
       Mephitic Cloud    |     2 |     3 |    32 |    12 ||    49
       Blink             |       |     2 |     2 |       ||     4
       Call Imp          |       |     3 |     1 |     2 ||     6
       Stone Arrow       |       |       |    25 |    33 ||    58
       Hailstorm         |       |       |       |     1 ||     1
  Use: Potion            |       |     1 |       |       ||     1
       Scroll            |       |       |       |    10 ||    10
 Stab: Confused          |     1 |       |    22 |     9 ||    32
       Sleeping          |       |     5 |     1 |     6 ||    12
       Invisible         |       |       |       |     1 ||     1
Armor: Robe              |       |     8 |       |       ||     8
       Leather armour    |       |     3 |    55 |    16 ||    74
Dodge: Dodged            |     6 |    51 |   119 |    40 ||   216

Table legend: (Time is in decaauts)
 A = Elapsed time spent in this place.
 B = Non-inter-level travel time spent in this place.
 C = Inter-level travel time spent in this place.
 D = Time resting spent in this place.
 E = Time spent auto-exploring this place.
 F = Levels seen in this place.
 G = Mean time per level.
                   A        B        C        D        E       F      G
               +--------+--------+--------+--------+--------+-----+--------+
         Total |   9966 |   9668 |    298 |    225 |   7474 |  12 |  830.5 |
       Dungeon |   8865 |   8570 |    295 |    217 |   6629 |   9 |  985.0 |
        Temple |      8 |      5 |      3 |      0 |      0 |   1 |    8.0 |
         Sewer |    680 |    680 |      0 |      0 |    560 |   1 |  680.0 |
        Bailey |    411 |    411 |      0 |      8 |    284 |   1 |  411.0 |
               +--------+--------+--------+--------+--------+-----+--------+

Top non-repeatable levels by time:
     D:5: 1240 daAuts
     D:3: 1196 daAuts
     D:7: 1173 daAuts
     D:4: 1146 daAuts
     D:1: 1109 daAuts
     D:8: 931 daAuts
     D:6: 750 daAuts
     D:9: 711 daAuts
   Sewer: 680 daAuts
     D:2: 605 daAuts
  Bailey: 411 daAuts
  Temple: 8 daAuts
